 Dungeon Sprint DCSS version 0.30.1-9-gdf580d7c3d (webtiles) character file.

Game seed: 2976435768616992273

1134 Heoruswealwe the Impaler (level 8, -7/82 HPs)
             Began as a Minotaur Fighter on Sept 25, 2023.
             Was an Initiate of Gozag.
             Mangled by a skeletal warrior
             ... wielding a +0 short sword
              (15 damage)
             ... in the Dungeon (Sprint IX: "|||||||||||||||||||||||||||||").
             The game lasted 00:04:36 (339 turns).

Heoruswealwe the Impaler (Minotaur Fighter)          Turns: 339, Time: 00:04:38

Health: -7/82      AC: 11    Str: 24    XL:     8   Next: 14%
Magic:  7/7        EV: 12    Int:  5    God:    Gozag
Gold:   576        SH:  0    Dex:  9    Spells: 7/7 levels left

rFire   . . .        b - +2 halberd (venom)
rCold   . . .        (shield currently unavailable)
rNeg    . . .        c - +2 ring mail
rPois   .            (helmet restricted)
rElec   .            (no cloak)
rCorr   .            (no gloves)
SInv    .            (no boots)
Will    .....        (no amulet) Stlth
                     k - +2 ring of evasion
HPRegen 0.33/turn    j - +2 ring of protection
MPRegen 0.10/turn

%: no teleportation
@: mighty, hasted, very quick
A: horns 2, retaliatory headbutt
a: Renounce Religion, Potion Petition, Call Merchant, Bribe Branch


You were in the Dungeon.
You worshipped Gozag.
Gozag was pleased with you.
You visited 1 branch You collected 576 gold pieces.

Inventory:

Hand Weapons
 a - a +0 trident
 b - a +2 halberd of venom (weapon)
Armour
 c - a +2 ring mail (worn)
 d - a +0 buckler
Jewellery
 j - a +2 ring of protection (right hand)
 k - a +2 ring of evasion (left hand)
Wands
 m - a wand of acid (10)
Scrolls
 n - a scroll of blinking
Potions
 h - a potion of invisibility
 i - a potion of berserk rage


   Skills:
 + Level 11.3 Fighting
 * Level 15.1 Polearms
 + Level 11.3 Armour
 - Level 3.6 Shields


You had 7 spell levels left.
You didn't know any spells.
Your spell library was empty.

Dungeon Overview and Level Annotations

Branches:
Dungeon (1/1)

Altars:
Cheibriados
Dithmenos
Elyvilon
Fedhas
Gozag
Hepliaklqana
Kikubaaqudgha
Makhleb
Nemelex Xobeh
Okawaru
Qazlal
Ru
Sif Muna
Trog
Uskayaw
Vehumet
Wu Jian
Xom
Yredelemnul
Zin
The Shining One
Jiyva
Lugonu


Innate Abilities, Weirdness & Mutations

You have a pair of horns on your head.
You reflexively headbutt those who attack you in melee.


Message History

The meliai calls down the wrath of its god upon you.
Something smites you!
* * * LOW HITPOINT WARNING * * *
The kobold demonologist casts a cantrip, but nothing happens.
The skeletal warrior hits you but does no damage.
The meliai mumbles some strange prayers to its god against you.
Something smites you!
* * * LOW HITPOINT WARNING * * *
You feel better.
The meliai invokes the aid of its god against you.
Something smites you!
* * * LOW HITPOINT WARNING * * *
Blink to where?
Press: ? - help, Dir - move target
As you read the scroll of blinking, it crumbles to dust.
You feel better.
You feel better.
You feel better.
There is an open door to the Dungeon, spattered with blood here.
You see here a +0 mace.
Things that are here:
a +0 shortbow; a +0 barding The skeletal warrior closely misses you.
You see here a +0 shortbow.
You barely miss the skeletal warrior.
The skeletal warrior is heavily damaged.
You hit the skeletal warrior. You headbutt the skeletal warrior!
The skeletal warrior is severely damaged.
The skeletal warrior hits you with a +0 short sword.
* * * LOW HITPOINT WARNING * * *
You completely miss the skeletal warrior.
The skeletal warrior is severely damaged.
You puncture the skeletal warrior!
The skeletal warrior is almost destroyed.
The meliai mumbles some strange prayers to its god against you.
Something smites you!
* * * LOW HITPOINT WARNING * * *
The skeletal warrior hits you with a +0 short sword!
You die...
Your body crumbles into a pile of gold. ▓▓▓▓▓▓▓▓▓▓▓▓▓▓▓▓▓▓▓▓▓▓▓▓▓▓▓▓ 4K{.K.{Duyz@))...[[[)?!'____ ▓▓▓▓▓▓▓▓▓▓▓▓▓▓▓▓▓▓▓▓▓▓▓▓▓▓▓▓ $ $ $$$$$ $ $ $ $$$$$ $$$

You could see a seven-headed hydra, a green ugly thing, a skeletal warrior, a kobold demonologist and a meliai.

Vanquished Creatures
  A gargoyle (D)
  A komodo dragon (D)
  A hornet (D)
  A wraith (D)
  2 centaurs (D)
  A jelly (D)
  A hound (D)
  2 adders (D)
  An ufetubus (D)
  A dart slug (D)
  A bat (D)
  An endoplasm (D)
  A frilled lizard (D)
  A rat (D)
16 creatures vanquished.

Notes
Turn   | Place    | Note
-------+----------+-------------------------------------------
     0 | D        | Heoruswealwe the Minotaur Fighter began the quest for the
                  | Orb.
     0 | D        | Reached XP level 1. HP: 19/19 MP: 0/0
     8 | D        | Reached skill level 3 in Polearms
    14 | D        | Reached skill level 4 in Polearms
    35 | D        | Noticed a jelly
    35 | D        | Noticed a hound
    39 | D        | Reached XP level 2. HP: 28/28 MP: 1/1
    48 | D        | Reached skill level 5 in Fighting
    48 | D        | Reached skill level 6 in Polearms
    48 | D        | Reached skill level 5 in Armour
    48 | D        | Reached XP level 3. HP: 29/36 MP: 2/2
    50 | D        | Reached skill level 7 in Polearms
    50 | D        | Reached XP level 4. HP: 34/44 MP: 3/3
    66 | D        | Found a snail-covered altar of Cheibriados.
    66 | D        | Found a shadowy altar of Dithmenos.
    66 | D        | Found a white marble altar of Elyvilon.
    66 | D        | Found a blossoming altar of Fedhas.
    66 | D        | Found an opulent altar of Gozag.
    67 | D        | Found a hazy altar of Hepliaklqana.
    68 | D        | Found a viscous altar of Jiyva.
    69 | D        | Found an ancient bone altar of Kikubaaqudgha.
    70 | D        | Found a corrupted altar of Lugonu.
    71 | D        | Found a burning altar of Makhleb.
    72 | D        | Found a sparkling altar of Nemelex Xobeh.
    73 | D        | Found an iron altar of Okawaru.
    74 | D        | Became a worshipper of Gozag Ym Sagoz the Greedy
    75 | D        | Found a stormy altar of Qazlal.
    76 | D        | Found a sacrificial altar of Ru.
    77 | D        | Found a shimmering blue altar of Sif Muna.
    78 | D        | Found a bloodstained altar of Trog.
    79 | D        | Found a hide-covered altar of Uskayaw.
    80 | D        | Found a radiant altar of Vehumet.
    81 | D        | Found an ornate altar of the Wu Jian Council.
    82 | D        | Found a shimmering altar of Xom.
    83 | D        | Found a basalt altar of Yredelemnul.
    84 | D        | Found a glowing silver altar of Zin.
    85 | D        | Found a glowing golden altar of the Shining One.
   144 | D        | Noticed a centaur
   144 | D        | Noticed a centaur
   144 | D        | Noticed a gargoyle
   144 | D        | Noticed a wraith
   144 | D        | Noticed a hornet
   144 | D        | Noticed a komodo dragon
   148 | D        | Killed a komodo dragon
   149 | D        | Reached skill level 11 in Polearms
   149 | D        | Reached XP level 5. HP: 38/57 MP: 4/4
   149 | D        | Reached XP level 6. HP: 42/63 MP: 5/5
   154 | D        | Killed a hornet
   155 | D        | Reached skill level 13 in Polearms
   155 | D        | Reached XP level 7. HP: 35/71 MP: 6/6
   160 | D        | Killed a wraith
   161 | D        | Reached skill level 10 in Fighting
   161 | D        | Reached skill level 10 in Armour
   165 | D        | Killed a gargoyle
   166 | D        | Reached skill level 14 in Polearms
   169 | D        | Reached XP level 8. HP: 35/82 MP: 7/7
   172 | D        | Reached skill level 15 in Polearms
   312 | D        | Noticed a kobold demonologist
   312 | D        | Noticed a seven-headed hydra
   312 | D        | Noticed a green ugly thing
   312 | D        | Noticed a meliai
   312 | D        | Noticed a skeletal warrior
   324 | D        | Noticed an orange demon
   328 | D        | HP: 2/82 [meliai/divine providence (12)]
   339 | D        | Mangled by a skeletal warrior

Illustrated notes

Levels and vault maps discovered:
D:        linesprint [early_d, line_temple, items_1, d_10, items_2, lair_1,
          lair_end, items_3, orc_1, orc_end, items_4, d_15, swamp_1, shoals_1,
          snake_1, spider_1, d_20, vaults_1, items_5, swamp_end, shoals_end,
          snake_end, spider_end, vaults_end, d_27, items_6, zot_1, zot_end,
          crypt_end, forest_end, elf_end, slime_end, tomb_end, abyss_end,
          pan_hell_end]

Skill      XL: |  1  2  3  4  5  6  7  8 |
---------------+-------------------------+-----
Polearms       | 4 6 7 11 13 14 15 | 15.1
Fighting       | 4 5 6 9 11 | 11.3
Armour         | 4 5 6 9 11 | 11.3
Shields        | |  3.6

Action                     |  1- 3 |  4- 6 |  7- 9 || total
---------------------------+-------+-------+-------++-------
  Melee: Trident           |    20 |    10 |       ||    30
         Headbutt          |     1 |     2 |     8 ||    11
         Halberd           |       |     9 |    29 ||    38
    Use: Potion            |       |     1 |     9 ||    10
         Scroll            |       |       |     1 ||     1
 Armour: Scale mail        |     5 |     5 |       ||    10
         Ring mail         |       |     1 |     6 ||     7
  Dodge: Dodged            |    10 |    11 |    13 ||    34
  Block: Buckler           |    10 |     2 |       ||    12
